 Dungeon Crawl Stone Soup version 0.24-a0-250-g6074511 (webtiles) character file.

Game seed: 12793206851222579265

9711 Borgoz the Slicer (level 11, -1/72 HPs)
             Began as a Kobold Gladiator on Apr 14, 2019.
             Was an Initiate of Ashenzari.
             Slain by a four-headed hydra (13 damage)
             ... on level 1 of the Lair of Beasts.
             The game lasted 00:15:03 (9377 turns).

Borgoz the Slicer (Kobold Gladiator)                Turns: 9377, Time: 00:15:04

Health: -1/72      AC: 11    Str: 18    XL:     11   Next: 79%
Magic:  11/11      EV: 21    Int: 10    God:    Ashenzari [......]
Gold:   408        SH:  0    Dex: 16    Spells: 10/10 levels left

rFire    . . .     SeeInvis .   a - +5 rapier of the Seer {venom, Str+3 Stlth+} (curse)
rCold    . . .     Gourm    .   (shield restricted)
rNeg     . . .     Faith    .   j - +1 ring mail
rPois    .         Spirit   .   c - +0 helmet
rElec    .         Reflect  .   C - +1 cloak {MR+}
rCorr    .         Harm     .   (no gloves)
MR       +....                  (no boots)
Stlth    ++........             (no amulet)
HPRegen  0.22/turn              h - ring of flight
MPRegen  0.12/turn              (no ring)

@: lethally poisoned (-1 -> -6)
A: small, carnivore
a: Curse Item, Renounce Religion, Evoke Flight


You were on level 1 of the Lair of Beasts.
You worshipped Ashenzari.
Ashenzari was noncommittal.
You were very full.

You visited 3 branches of the dungeon, and saw 11 of its levels.

You collected 408 gold pieces.

Inventory:

Hand Weapons
 a - the cursed +5 rapier of the Seer (weapon) {venom, Str+3 Stlth+}
   (You found it on level 6 of the Dungeon)

   It poisons the flesh of those it strikes.
   It affects your strength (+3).
   It makes you more stealthy.
   It has a curse placed upon it.
 b - a +0 dagger of draining
 q - the +4 hand axe "Rotariun" {chop, +Blink rElec}
   (You found it on level 9 of the Dungeon)

   It inflicts extra damage upon your enemies.
   It insulates you from electricity.
   It lets you blink.
 z - a +0 rapier
Missiles
 d - a throwing net (quivered)
Armour
 c - a +0 helmet (worn)
 j - a +1 ring mail (worn)
 C - a +1 cloak of magic resistance (worn)
Jewellery
 h - a ring of flight (left hand)
Wands
 g - a wand of flame (50)
 w - a wand of iceblast (15)
Scrolls
 e - a scroll of noise {unknown}
 i - a scroll of amnesia {unknown}
 m - a scroll of blinking
 n - 2 scrolls of magic mapping
 p - a scroll of fear {unknown}
 r - 3 scrolls of teleportation {unknown}
 t - 2 scrolls of remove curse
 B - a scroll of immolation {unknown}
Potions
 k - a potion of mutation {unknown}
 o - a potion of haste
 s - 2 potions of curing
 v - a potion of brilliance
 x - 2 potions of degeneration {unknown}
Comestibles
 f - 21 rations


   Skills:
 + Level 10.0 Fighting
 + Level 12.0 Short Blades
 - Level 2.1 Throwing
 + Level 7.4 Armour
 + Level 11.1 Dodging


You had 10 spell levels left.
You didn't know any spells.
Your spell library contained the following spells:

 Spells                   Type           Power        Failure   Level  Hunger
 Sandblast                Erth           #.....       52%         1    ##.....
 Passwall                 Tmut/Erth      #.......     67%         2    ###....
 Stone Arrow              Conj/Erth      #.....       88%         3    ####...
 Petrify                  Tmut/Erth      #.......     99%         4    #####..
 Lee's Rapid Deconstruct  Erth           #.........   100%        5    ######.


Dungeon Overview and Level Annotations

Branches:
Dungeon (9/15)             Temple (1/1) D:6            Lair (1/6) D:9
    Orc (0/2) D:9

Altars:
Ashenzari
Cheibriados
Dithmenos
Elyvilon
Fedhas
Gozag
Hepliaklqana
Kikubaaqudgha
Makhleb
Nemelex Xobeh
Okawaru
Qazlal
Ru
Sif Muna
Trog
Uskayaw
Vehumet
Wu Jian
Xom
Yredelemnul
Zin
The Shining One

Shops:
D:5 ?   D:7 *

Annotations:
D:4 2 transporters


Innate Abilities, Weirdness & Mutations

You are small and have problems with some larger weapons.
You are carnivorous and can eat meat at any time.


Message History

Aim: a crocodile You throw a throwing net.
The throwing net hits the crocodile.
The crocodile is caught in the net!
The sentinel's mark upon you fades away.
You feel sick.
The crocodile struggles against the net.
You catch the helpless crocodile completely off-guard!
You impale the crocodile!!
The crocodile is poisoned.
The crocodile is almost dead.
You puncture the crocodile!
You kill the crocodile!
Your Short Blades skill increases to level 12!
You feel sick.
You feel sick.
A polar bear comes into view.
Things that are here:
a throwing net; a crocodile corpse
d - a throwing net You feel sick.
The four-headed hydra bites you!
You die...

##........<....#
####..............#
####.###.............#
#....................#
#....................#
#...###.####P.#..#...#
#...########...#.#...#
##..............††....#
#P...........@........#
..............D..........#
.........................##
.####.#.###.P.##...#####.#
##### #..####.## ..#
####.##†........ ##
.................
.......†.........
...............


You could see a four-headed hydra.

Vanquished Creatures
  Erica (D:9)
  A two-headed ogre (D:9)
  Pikel (D:6)
  Joseph (D:9)
  A spiny frog (Lair:1)
  2 komodo dragons
  A queen bee (D:8)
  A troll (D:9)
  4 blink frogs (Lair:1)
  A hippogriff (Lair:1)
  11 yaks
  2 water moccasins
  A black bear (D:8)
  An orc warrior (D:9)
  4 sky beasts
  4 ice beasts
  A crocodile (Lair:1)
  An ogre (D:4)
  2 centaurs
  A big kobold (D:7)
  A bullfrog (D:8)
  4 scorpions
  20 killer bees (D:8)
  4 wights (D:7)
  3 crimson imps
  A quasit (D:5)
  2 bullfrog zombies
  4 orc priests
  4 hounds
  9 orc wizards
  Crazy Yiuf (D:7)
  2 iguanas
  6 worker ants
  A hound skeleton (D:6)
  A worker ant zombie (D:8)
  8 adders
  3 gnolls (D:6)
  2 howler monkey skeletons
  2 shadow imps
  An adder zombie (D:9)
  3 worms
  A dart slug (D:2)
  2 leopard geckos
  24 orcs
  7 bats
  5 giant cockroaches
  6 goblins
  3 hobgoblins
  9 jackals
  13 kobolds
  3 quokkas
  2 frilled lizards (D:3)
  A jackal zombie (D:8)
  2 leopard gecko skeletons
  2 quokka skeletons (D:4)
  7 rats
211 creatures vanquished.

Vanquished Creatures (others)
  An orc wizard (D:4)
  2 orcs (D:9)
  A plant (D:9)
4 creatures vanquished.

Grand Total: 215 creatures vanquished

Notes
Turn   | Place    | Note
-------+----------+-------------------------------------------
     0 | D:1      | Borgoz the Kobold Gladiator began the quest for the Orb.
     0 | D:1      | Reached XP level 1. HP: 12/12 MP: 1/1
    87 | D:1      | Reached XP level 2. HP: 17/18 MP: 2/2
   602 | D:2      | Reached XP level 3. HP: 15/22 MP: 3/3
   972 | D:2      | Reached skill level 1 in Armour
  1199 | D:2      | Reached XP level 4. HP: 26/27 MP: 4/4
  2205 | D:4      | Found a transporter.
  2214 | D:4      | Reached skill level 5 in Short Blades
  2214 | D:4      | Reached XP level 5. HP: 11/32 MP: 5/5
  2545 | D:4      | Noticed an ogre
  2554 | D:4      | Killed an ogre
  2554 | D:4      | Reached XP level 6. HP: 21/38 MP: 6/6
  2698 | D:4      | Found a transporter.
  2776 | D:4      | Reached skill level 5 in Dodging
  3799 | D:5      | Entered Level 5 of the Dungeon
  3801 | D:5      | Found Qeros's Magic Scroll Emporium.
  3811 | D:5      | Reached XP level 7. HP: 43/43 MP: 7/7
  4016 | D:5      | Reached skill level 6 in Short Blades
  4570 | D:6      | Reached skill level 5 in Fighting
  4570 | D:6      | Reached XP level 8. HP: 21/49 MP: 8/8
  4857 | D:6      | Reached skill level 7 in Short Blades
  5562 | D:6      | Noticed Pikel
  5571 | D:6      | Got a slimy rapier
  5572 | D:6      | Identified the +5 rapier of the Seer {venom, Str+3 Stlth+}
                  | (You found it on level 6 of the Dungeon)
  5588 | D:6      | Killed Pikel
  5588 | D:6      | Reached skill level 8 in Short Blades
  5588 | D:6      | Reached XP level 9. HP: 53/55 MP: 9/9
  5798 | D:6      | Found a staircase to the Ecumenical Temple.
  5976 | Temple   | Entered the Ecumenical Temple
  6107 | Temple   | Became a worshipper of Ashenzari the Shackled
  6328 | D:7      | Found Ozail's Elemental Accessories.
  6447 | D:7      | Reached skill level 9 in Short Blades
  6588 | D:7      | Reached skill level 5 in Armour
  6687 | D:7      | Reached XP level 10. HP: 33/63 MP: 10/10
  6690 | D:7      | HP: 3/63 [yak (15)]
  7078 | D:7      | Found a radiant altar of Vehumet.
  7078 | D:7      | Found a bloodstained altar of Trog.
  7108 | D:7      | Found a runed translucent door.
  7109 | D:7      | Noticed Crazy Yiuf
  7275 | D:7      | Killed Crazy Yiuf
  7347 | D:8      | Reached skill level 10 in Short Blades
  8335 | D:8      | Reached skill level 10 in Dodging
  8344 | D:8      | Reached XP level 11. HP: 31/69 MP: 11/11
  8550 | D:8      | Reached skill level 11 in Short Blades
  8802 | D:9      | Identified the +4 hand axe "Rotariun" {chop, +Blink rElec}
  8805 | D:9      | Found a staircase to the Orcish Mines.
  8835 | D:9      | Noticed Erica
  8858 | D:9      | Killed Erica
  8884 | D:9      | Noticed a two-headed ogre
  8903 | D:9      | Killed a two-headed ogre
  9170 | D:9      | Noticed Joseph
  9187 | D:9      | Killed Joseph
  9221 | D:9      | Found a staircase to the Lair.
  9249 | Lair:1   | Entered Level 1 of the Lair of Beasts
  9369 | Lair:1   | Noticed a four-headed hydra
  9371 | Lair:1   | Reached skill level 10 in Fighting
  9375 | Lair:1   | Reached skill level 12 in Short Blades
  9377 | Lair:1   | Slain by a four-headed hydra

Levels and vault maps discovered:
D:1:      scummos_arrival_simple_crosswalls, layout_rooms
D:2:      layout_loops_corners, first_ration, kennysheep_generic_room_13
D:3:      layout_loops_ring
D:4:      gammafunk_wand_slinger, layout_basic
D:5:      layout_rooms, serial_shops, shop
D:6:      layout_basic, minmay_temple_entry_fiery, uniq_pikel
D:7:      layout_rooms, gammafunk_temple_overflow_elements,
          nicolae_elemental_shop, uniq_crazy_yiuf_cottage
D:8:      layout_loops_ring, david_nohive_1
D:9:      layout_rooms, david_lair_shrubbed, david_orc_2, onia_ninara_cookie,
          uniq_prince_ribbit1, uniq_erica, uniq_joseph
Temple:   regret_index_temple_chain_breaker
Lair:1:   layout_small_grid, st_stairs_8, cheibrodos_lair_lostbears

Skill      XL: |  1  2  3  4  5  6  7  8  9 10 11 |
---------------+----------------------------------+-----
Dodging        | 4 5 6 7 8 10 11 | 11.1
Armour         | 1 2 3 4 5 6 7 |  7.4
Fighting       | 3 4 5 6 7 8 10 | 10.0
Short Blades   | 5 6 8 9 10 12 | 12.0
Throwing       | |  2.1

Action                   |  1- 3 |  4- 6 |  7- 9 | 10-12 || total
-------------------------+-------+-------+-------+-------++-------
Melee: Rapier            |    96 |   144 |   372 |   347 ||   959
Throw: Throwing net      |     1 |       |       |     6 ||     7
Invok: Curse Item        |       |       |       |     1 ||     1
  Use: Potion            |     1 |     4 |     1 |     6 ||    12
       Scroll            |       |       |       |     4 ||     4
 Stab: Sleeping          |     1 |       |     1 |     1 ||     3
       Held in net/web   |     1 |       |       |     2 ||     3
  Eat: Chunk             |     8 |     7 |    12 |     8 ||    35
Armor: Leather armour    |     6 |       |       |       ||     6
       Ring mail         |     7 |    28 |    80 |    62 ||   177
       Skin              |       |    17 |       |       ||    17
Dodge: Dodged            |    81 |    87 |   266 |   285 ||   719

Table legend:
 A = Non-vault XP
 B = Vault XP
 C = Vault XP percentage of total XP
 D = Non-vault monster count
 E = Vault monster count
 F = Vault count percentage of total count
                 A         B        C        D         E       F
            +---------+---------+-------+---------+---------+-------
      Total |    9586 |    4287 |  30.9 |     183 |      28 |  13.3
            +---------+---------+-------+---------+---------+-------
        D:1 |      25 |       0 |   0.0 |      15 |       0 |   0.0
        D:2 |      50 |       0 |   0.0 |      11 |       0 |   0.0
        D:3 |      36 |       0 |   0.0 |      18 |       0 |   0.0
        D:4 |     406 |       0 |   0.0 |      17 |       0 |   0.0
        D:5 |     417 |       0 |   0.0 |      10 |       0 |   0.0
        D:6 |     977 |     629 |  39.2 |      29 |       1 |   3.3
        D:7 |    2302 |      37 |   1.6 |      40 |       1 |   2.4
        D:8 |    2308 |    1204 |  34.3 |      31 |      15 |  32.6
        D:9 |    1243 |    1909 |  60.6 |       5 |       9 |  64.3
     Lair:1 |    1822 |     508 |  21.8 |       7 |       2 |  22.2
            +---------+---------+-------+---------+---------+-------
